 Dungeon Crawl Stone Soup version 0.31-a0-193-gdfe2569204 (webtiles) character file.

Game seed: 10671306311928234071

38 qw the Shooter (level 3, 0/20 HPs)
             Began as a Deep Elf Hunter on June 23, 2023.
             Slain by a goblin
             ... wielding a +0 club
             ... led by Robin
              (3 damage)
             ... on level 1 of the Dungeon.
             The game lasted 00:00:28 (888 turns).

qw the Shooter (Deep Elf Hunter)                     Turns: 888, Time: 00:00:28

Health: 0/20       AC:  0    Str: 10    XL:     3   Next: 25%
Magic:  3/5        EV: 20    Int: 13    God:
Gold:   58         SH:  0    Dex: 23    Spells: 2/2 levels left

rFire   . . .        Y - melded +0 shortbow
rCold   . . .        (shield currently unavailable)
rNeg    . . .        c - melded +0 leather armour
rPois   .            (helmet currently unavailable)
rElec   .            k - melded +0 cloak
rCorr   .            (gloves currently unavailable)
SInv    .            (boots currently unavailable)
Will    .....        e - amulet of faith
Stlth   ++           g - melded +4 ring of slaying {mikee}
HPRegen 0.23/turn    (ring currently unavailable)
MPRegen 0.09/turn

%: faith
@: bat-form, flying, very quick
A: fast, flying, no casting, tiny
a: no special abilities


You were on level 1 of the Dungeon.
You were a bat.
You visited 1 branch of the dungeon, and saw 2 of its levels.

You collected 58 gold pieces.


   Skills:
 - Level 1.5 Fighting
 + Level 6.8 Ranged Weapons
 - Level 2.4 Dodging
 - Level 1.2 Stealth


You had 2 spell levels left.
You didn't know any spells.
Your spell library was empty.

Inventory:

Hand Weapons
 Y - a +0 shortbow (melded)
Armour
 c - a +0 leather armour (melded)
 k - a +0 cloak (melded)
Jewellery
 e - an amulet of faith (around neck)
 g - a +4 ring of slaying (melded) {mikee}
Potions
 b - a potion of curing {unknown}
 d - a potion of cancellation {unknown}
 f - a potion of heal wounds {unknown}
 i - a potion of brilliance {unknown}

Dungeon Overview and Level Annotations

Branches:
Dungeon (2/15)

Altars:

Annotations:
D:1 2 transporters
D:2 Robin


Message History

Robin roars a battlecry!
The goblins go into a battle-frenzy!
You shoot an arrow. The arrow hits Robin.
Robin is heavily wounded.
Robin throws the goblin at you! The goblin hits you but does no damage.
You shoot an arrow. The arrow barely misses the goblin.
Robin throws the goblin at you! The goblin closely misses you.
The goblin hits you but does no damage.
You shoot an arrow. The arrow hits the goblin.
The goblin is severely wounded.
The goblin hits you with a +2 antimagic dagger.
The goblin barely misses you.
Robin zaps a wand.
You turn into a bat.
Your +0 shortbow melds into your body.
Your +0 cloak melds into your body.
Your +0 leather armour melds into your body.
Your +4 ring of slaying {mikee} melds into your body.
The goblin closely misses you.
A goblin comes into view. It is wielding a +0 club.
The goblin closely misses you.
882 ||| STAIRDANCE The goblin hits you with a +2 antimagic dagger.
You feel your power leaking away. The goblin hits you with a +0 club.
You fly upwards.
Level annotation: 2 transporters
There is a stone staircase leading down here.
You hit the goblin.
You kill the goblin!
The goblin closely misses you.
You hit the goblin.
The goblin is moderately wounded.
You barely miss the goblin.
The goblin is moderately wounded.
The goblin hits you with a +0 club!
You hit the goblin.
The goblin is severely wounded.
The goblin closely misses you.
You hit the goblin but do no damage.
The goblin is moderately wounded.
The goblin hits you with a +0 club.
You die...

#........# #........#
#........# #.?......#
#^.......##########
#....)...##........
#..................
###.g................
##..)b..........######
#..##.#.........#
#.###.######....#
#.....######....# ####
##...)..[..#....###...
#....................
#.........####..###..
#.........# ##.##...
#.........# #.##...


You could see a goblin (strong).

Vanquished Creatures
  A worm (D:2)
  2 ball pythons (D:1)
  5 endoplasms
  3 giant cockroaches
  A goblin (D:1)
  8 hobgoblins
  4 bats
  2 frilled lizards
  3 kobolds
  A rat (D:1)
30 creatures vanquished.

Notes
Turn   | Place    | Note
-------+----------+-------------------------------------------
     0 | D:1      | qw the Deep Elf Hunter began the quest for the Orb.
     0 | D:1      | Reached XP level 1. HP: 12/12 MP: 3/3
     0 | D:1      | 0 ||| qw: Version: 0.3-a-9-g12657ce
     0 | D:1      | 0 ||| qw: Game counter: 4621
     0 | D:1      | 0 ||| qw: Always use a shield: true
     0 | D:1      | 0 ||| qw: God list: Okawaru
     0 | D:1      | 0 ||| qw: Allow faded altars: false
     0 | D:1      | 0 ||| qw: Do Orc after D:15 true
     0 | D:1      | 0 ||| qw: Do second Lair branch before Depths: true
     0 | D:1      | 0 ||| qw: Lair rune preference: random
     0 | D:1      | 0 ||| qw: Plans: Normal
     0 | D:1      | 0 ||| PLANNING D:1-11
    75 | D:1      | Reached skill level 6 in Ranged Weapons
    75 | D:1      | Reached XP level 2. HP: 16/16 MP: 4/4
   403 | D:1      | Found a faded altar of an unknown god.
   549 | D:1      | 549 ||| UPGRADING to +0 cloak.
   554 | D:1      | 554 ||| UPGRADING to amulet of faith.
   559 | D:1      | 559 ||| READING scroll labelled JEMEWI IFOTOIB.
   660 | D:1      | 660 ||| READING 2 scrolls labelled NECEZY CUXTOEW.
   661 | D:1      | 661 ||| READING scroll labelled SOQ UPICVAKHLE.
   662 | D:1      | 662 ||| DROPPING scroll of butterflies.
   663 | D:1      | 663 ||| DROPPING scroll of immolation.
   687 | D:2      | Reached XP level 3. HP: 20/20 MP: 5/5
   745 | D:2      | Noticed Robin
   747 | D:2      | 747 ||| FLEEEEING.
   748 | D:2      | 748 ||| FLEEEEING.
   749 | D:2      | 749 ||| FLEEEEING.
   750 | D:2      | 750 ||| FLEEEEING.
   763 | D:2      | 763 ||| FLEEEEING.
   765 | D:2      | 765 ||| STAIRDANCE
   767 | D:1      | 767 ||| UPGRADING to +4 ring of slaying {mikee}.
   768 | D:1      | 768 ||| READING scroll labelled CASARE RINUELU.
   774 | D:2      | 774 ||| STAIRDANCE
   882 | D:2      | 882 ||| STAIRDANCE
   886 | D:1      | HP: 3/20 [goblin/+0 club[Robin] (7)]
   888 | D:1      | Slain by a goblin

Levels and vault maps discovered:
D:1:      spicycebolla_arrival_transporter_tutorial, layout_basic,
          dreamdust_ecumenical_altar_grove
D:2:      layout_basic, uniq_sigmund, uniq_crazy_yiuf_cottage, uniq_robin

Skill      XL: |  1 |
---------------+----+-----
Ranged Weapons | 6 |  6.8
Fighting       | |  1.5
Dodging        | |  2.4
Stealth        | |  1.2

Action                     || total
---------------------------++-------
  Melee: Unarmed           ||     5
   Fire: Shortbow          ||    91
    Use: Scroll            ||     4
 Armour: Leather armour    ||     6
  Dodge: Dodged            ||    13

Table legend:
 A = Non-vault XP
 B = Vault XP
 C = Vault XP percentage of total XP
 D = Non-vault monster count
 E = Vault monster count
 F = Vault count percentage of total count
                 A         B        C        D         E       F
            +---------+---------+-------+---------+---------+-------
      Total |      51 |       4 |   7.3 |      28 |       2 |   6.7
            +---------+---------+-------+---------+---------+-------
        D:1 |      37 |       2 |   5.1 |      21 |       1 |   4.5
        D:2 |      14 |       2 |  12.5 |       7 |       1 |  12.5
            +---------+---------+-------+---------+---------+-------
